 Dungeon Crawl Stone Soup version 0.31-a0-632-g766dd24fdf (webtiles) character file.

Game seed: 10941073753069276950

142 Joey1 the Changeling (level 5, 0/48 HPs)
             Began as a Troll Shapeshifter on Aug 25, 2023.
             Slain by an orc
             ... wielding a +0 flail
              (5 damage)
             ... on level 2 of the Dungeon.
             The game lasted 00:05:24 (1515 turns).

Joey1 the Changeling (Troll Shapeshifter)           Turns: 1515, Time: 00:05:24

Health: 0/48       AC:  4    Str: 25    XL:     5   Next: 4%
Magic:  4/4        EV:  9    Int:  4    God:
Gold:   46         SH:  0    Dex: 10    Spells: 4/4 levels left

rFire   . .          .
                       - Unarmed
rCold   . . .        (no shield)
rNeg    . . .        a - +0 animal skin
rPois   .            (helmet currently unavailable)
rElec   .            (cloak currently unavailable)
rCorr   .            (gloves unavailable)
SInv    .            (boots unavailable)
Will    .....        (no amulet)
Stlth   +            (no ring)
HPRegen 1.08/turn    (no ring)
MPRegen 0.09/turn

%: no passive effects
@: beast-form
A: beast (slay +3), large, unfitting armour, claws 3, regeneration 1, shaggy fur
1, tough skin 1
a: Begin Untransformation


You were on level 2 of the Dungeon.
You were a hulking beast.
You visited 1 branch of the dungeon, and saw 3 of its levels.

You collected 70 gold pieces.
You spent 24 gold pieces at shops.

Inventory:

Armour
 a - a +0 animal skin (worn)
 g - a +1 pair of gloves
 i - a +0 hat
 m - a +0 robe
Talismans
 c - a beast talisman (active)
 d - a flux talisman
Scrolls
 f - 4 scrolls of identify
 h - a scroll of amnesia {unknown}
 j - a scroll of noise {unknown}
 k - a scroll of vulnerability {unknown}
 l - a scroll of brand weapon {unknown}
Potions
 b - a potion of lignification
 e - 2 potions of curing {unknown}
 n - a potion of degeneration {unknown}
 o - a potion of heal wounds {unknown}


   Skills:
 - Level 1.0 Fighting
 - Level 1.5 Dodging
 - Level 3.0 Unarmed Combat
 + Level 5.3 Shapeshifting


You had 4 spell levels left.
You didn't know any spells.
Your spell library contained the following spells:

 Spells                   Type           Power      Damage    Failure   Level
 Apportation              Tloc           0%         N/A       50%         1
 Blink                    Tloc           0%         N/A       65%         2
 Lesser Beckoning         Tloc           0%         N/A       65%         2
 Passage of Golubria      Tloc           0%         N/A       99%         4
 Ignition                 Fire           0%         3d3       100%        8


Dungeon Overview and Level Annotations

Branches:
Dungeon (3/15)

Altars:
Ashenzari

Shops:
D:1 ?


Innate Abilities, Weirdness & Mutations

You are a hulking beast.
Your limbs bulge with bestial killing power. (Slay +3)
You are too large for most types of armour.
You have claws for hands.
Your natural rate of healing is unusually fast.
You are covered in fur. (AC +1)
You have tough skin. (AC +1)


Message History

You scratch the orc priest.
You kill the orc priest!
Your Shapeshifting skill increases to level 5!
HP restored.
You climb downwards.
The orc shouts!
The orc priest shouts!
The orc misses you. The orc priest barely misses you.
The orc priest invokes the aid of Beogh against you.
Beogh smites you!
The orc priest hits you with a +0 hand axe.
The orc hits you with a +0 flail. The worm bites you but does no damage.
There is a stone staircase leading up, spattered with blood here.
The orc priest hits you with a +0 hand axe.
The orc barely misses you. The orc hits you with a +0 flail!
You climb upwards.
There is a stone staircase leading down here.
You barely miss the worm. The worm bites you.
* * * LOW HITPOINT WARNING * * *
The orc barely misses you. The orc hits you with a +0 flail.
* * * LOW HITPOINT WARNING * * *
The orc priest closely misses you.
You claw the worm!
The worm is severely wounded.
You scratch the worm.
You kill the worm!
The orc hits you with a +0 flail.
* * * LOW HITPOINT WARNING * * *
The orc barely misses you.
The orc priest hits you with a +0 hand axe.
* * * LOW HITPOINT WARNING * * *
You claw the orc priest!
You kill the orc priest!
The orc misses you. The orc barely misses you.
You have reached level 5!
You claw the orc!
You kill the orc!
The orc hits you with a +0 flail!
* * * LOW HITPOINT WARNING * * *
You barely miss the orc. The orc hits you with a +0 flail.
You die...

#........# #.#.......# #..
#...#########)#.###.### #..
#...............# #.# ##.
#..########.###.###.# #.
##..########.###.....###########.
.......(.....##.....>.....))†....
...###.#####.##....(########.....
##......÷.÷..##.)†...............
#.###.#####.##.ho..########.....
#.# #.# #.##)....# #..... #.# #.#
#.######## ###.## #.###.#####.#
#.## ##...........# #.##
..[....####### #.#. ##..#### #...
#..# ###. #..# ######...


You could see an orc.

Vanquished Creatures
  2 orc priests (D:2)
  3 adders (D:2)
  3 worms
  An orc (D:2)
  4 ball pythons
  An endoplasm (D:1)
  2 giant cockroaches
  6 hobgoblins
  5 quokkas
  3 bats
  4 frilled lizards
  7 goblins
  2 kobolds (D:1)
  9 rats
52 creatures vanquished.

Notes
Turn   | Place    | Note
-------+----------+-------------------------------------------
     0 | D:1      | Joey1 the Troll Shapeshifter began the quest for the Orb.
     0 | D:1      | Reached XP level 1. HP: 18/18 MP: 0/0
    68 | D:1      | Reached skill level 1 in Fighting
   112 | D:1      | Reached XP level 2. HP: 27/27 MP: 1/1
   127 | D:1      | Found The Oracle's Delphic Readings.
   144 | D:1      | Got the Enchiridion on Blinking Lava
   686 | D:1      | Bought a scroll of identify for 24 gold pieces
   775 | D:2      | Reached skill level 4 in Shapeshifting
   775 | D:2      | Reached XP level 3. HP: 33/33 MP: 2/2
  1025 | D:2      | Found a broken altar of Ashenzari.
  1128 | D:2      | Reached XP level 4. HP: 35/41 MP: 3/3
  1506 | D:2      | Reached skill level 5 in Shapeshifting
  1514 | D:2      | Reached XP level 5. HP: 10/48 MP: 4/4
  1515 | D:2      | Slain by an orc

Illustrated notes

Levels and vault maps discovered:
D:1:      matt_arrival_grand_opening, layout_basic, st_stairs_13,
          nicolae_nh_oracle_at_delphi
D:2:      layout_loops_ring, basic_altar, minmay_small_reverse_x
D:3:      layout_loops_cross, serial_glass, glass_columns_a, glass_columns_a,
          feat_on_display, item_on_display_a, chequers_serial_rivers_small_3,
          uniq_terence, uniq_crazy_yiuf_cottage

Skill      XL: |  1  2  3  4 |
---------------+-------------+-----
Fighting       | 1 |  1.0
Shapeshifting  | 4 5 |  5.3
Dodging        | |  1.5
Unarmed Combat | |  3.0

Action                     |  1- 3 |  4- 6 || total
---------------------------+-------+-------++-------
  Melee: Unarmed           |   100 |    21 ||   121
         Punch             |     1 |     1 ||     2
 Armour: Animal skin       |    24 |     6 ||    30
  Dodge: Dodged            |    34 |    16 ||    50

Table legend: (Time is in decaauts)
 A = Elapsed time spent in this place.
 B = Non-inter-level travel time spent in this place.
 C = Inter-level travel time spent in this place.
 D = Time resting spent in this place.
 E = Time spent auto-exploring this place.
 F = Levels seen in this place.
 G = Mean time per level.
                   A        B        C        D        E       F      G
               +--------+--------+--------+--------+--------+-----+--------+
         Total |   1509 |   1294 |    215 |      0 |    950 |   3 |  503.0 |
       Dungeon |   1509 |   1294 |    215 |      0 |    950 |   3 |  503.0 |
               +--------+--------+--------+--------+--------+-----+--------+

Top non-repeatable levels by time:
     D:2: 777 daAuts
     D:1: 713 daAuts
     D:3: 18 daAuts
